General information
- name: BNet
- type: Ladder team game (AT/RT)
- host: Battle.net
- saver: UnplugYourself
map: FullScaleAssault
- players: 8
- length: 23:33
- speed: Fast
- version: 1.26 W3XP
- replay type: Public
» download(151 KB)
Players
team 1 (loser)
s0ulhack3r (
pink | 39 APM | 900 actions | 23:15)
4 Death Knight
2 Death Coil
1 Death Pact
1 Unholy Aura
» actions
| Basic commands | 2 | |
| Build / train | 61 | |
| Enter build submenu | 22 | |
| Enter hero's abilities submenu | 4 | |
| Give item / drop item | 4 | |
| Right click | 515 | |
| Select / deselect | 254 | |
| Use ability | 38 | |
900 total
» units
| Acolyte | 21 | |
| Ghoul | 9 | |
| Crypt Fiend | 6 | |
| Frost Wyrm | 3 | |
| Goblin Zeppelin | 1 | |
40 total
» upgrades
| Creature Attack | 2 | |
| Web | 1 | |
| Creature Carapace | 2 | |
| Freezing Breath | 1 | |
6 total
» buildings
| Altar of Darkness | 1 | |
| Ziggurat | 9 | |
| Crypt | 2 | |
| Nerubian Tower | 3 | |
| Graveyard | 1 | |
| Halls of the Dead | 1 | |
| Tomb of Relics | 1 | |
| Black Citadel | 1 | |
| Spirit Tower | 2 | |
| Sacrificial Pit | 1 | |
| Boneyard | 3 | |
25 total
» build order
00:30 Altar of Darkness
00:35 Ziggurat
00:46 Crypt
01:19 Crypt
01:27 Ziggurat
02:22 Ziggurat
02:41 Nerubian Tower
03:55 Graveyard
04:24 Nerubian Tower
05:27 Halls of the Dead
05:39 Ziggurat
06:07 Tomb of Relics
07:52 Black Citadel
07:58 Spirit Tower
09:07 Ziggurat
09:13 Ziggurat
09:17 Ziggurat
10:12 Sacrificial Pit
10:21 Spirit Tower
10:24 Ziggurat
11:56 Boneyard
11:58 Boneyard
13:05 Nerubian Tower
14:13 Boneyard
14:17 Ziggurat
» items
| Scroll of Town Portal | 1 | |
| Scroll of Healing | 1 | |
2 total
tatties (
teal | 24 APM | 532 actions | 22:35)
4 Death Knight
2 Death Coil
2 Unholy Aura
» actions
| Assign group hotkey | 9 | |
| Basic commands | 1 | |
| Build / train | 68 | |
| Enter build submenu | 19 | |
| Enter hero's abilities submenu | 4 | |
| Remove unit from queue | 1 | |
| Right click | 202 | |
| Select / deselect | 181 | |
| Select group hotkey | 8 | |
| Use ability | 39 | |
532 total
» units
| Acolyte | 27 | |
| Ghoul | 6 | |
| Crypt Fiend | 6 | |
| Frost Wyrm | 5 | |
44 total
» upgrades
| Creature Attack | 3 | |
| Creature Carapace | 2 | |
| Web | 1 | |
| Ghoul Frenzy | 1 | |
| Freezing Breath | 1 | |
8 total
» buildings
| Crypt | 1 | |
| Altar of Darkness | 1 | |
| Ziggurat | 9 | |
| Graveyard | 1 | |
| Tomb of Relics | 1 | |
| Halls of the Dead | 1 | |
| Spirit Tower | 6 | |
| Sacrificial Pit | 1 | |
| Black Citadel | 1 | |
| Boneyard | 2 | |
24 total
» build order
00:12 Crypt
00:19 Altar of Darkness
00:41 Ziggurat
01:18 Graveyard
01:40 Ziggurat
02:09 Tomb of Relics
02:48 Ziggurat
05:46 Ziggurat
06:46 Halls of the Dead
07:26 Ziggurat
07:31 Ziggurat
09:39 Spirit Tower
09:57 Ziggurat
10:00 Ziggurat
10:26 Sacrificial Pit
11:12 Black Citadel
11:32 Spirit Tower
11:33 Spirit Tower
14:05 Boneyard
14:09 Boneyard
14:42 Spirit Tower
18:10 Ziggurat
21:42 Spirit Tower
21:45 Spirit Tower
» items
| Rod of Necromancy | 1 | |
| Scroll of Town Portal | 1 | |
2 total
kim8211 (
blue | 25 APM | 580 actions | 23:32)
5 Paladin
1 Holy Light
1 Divine Shield
3 Devotion Aura
» actions
| Basic commands | 15 | |
| Build / train | 74 | |
| Enter build submenu | 29 | |
| Enter hero's abilities submenu | 5 | |
| Give item / drop item | 5 | |
| Remove unit from queue | 2 | |
| Right click | 124 | |
| Select / deselect | 272 | |
| Use ability | 54 | |
580 total
» units
| Peasant | 16 | |
| Footman | 6 | |
| Goblin Shredder | 1 | |
| Goblin Zeppelin | 1 | |
| Gryphon Rider | 11 | |
| Dragonhawk Rider | 1 | |
| Siege Engine | 4 | |
40 total
» upgrades
| Masonry | 1 | |
| Animal War Training | 1 | |
| Storm Hammers | 1 | |
| Swords | 3 | |
| Armor | 3 | |
| Cloud | 1 | |
| Gunpowder | 2 | |
| Plating | 1 | |
| Barrage | 1 | |
14 total
» buildings
| Altar of Kings | 1 | |
| Barracks | 2 | |
| Farm | 12 | |
| Lumber Mill | 2 | |
| Arcane Vault | 1 | |
| Blacksmith | 2 | |
| Keep | 1 | |
| Castle | 1 | |
| Gryphon Aviary | 3 | |
| Town Hall | 2 | |
| Workshop | 4 | |
31 total
» build order
00:12 Altar of Kings
00:17 Barracks
00:31 Farm
00:57 Farm
01:43 Farm
02:31 Farm
03:15 Lumber Mill
03:24 Arcane Vault
04:10 Blacksmith
04:27 Keep
04:38 Farm
06:41 Farm
06:52 Castle
06:58 Gryphon Aviary
07:03 Gryphon Aviary
07:25 Farm
07:45 Gryphon Aviary
08:00 Town Hall
08:08 Farm
08:53 Farm
09:03 Barracks
10:59 Farm
11:54 Farm
12:44 Town Hall
13:00 Farm
19:25 Workshop
19:29 Workshop
19:34 Workshop
19:48 Workshop
20:09 Blacksmith
21:32 Lumber Mill
» items
| Scroll of Regeneration | 3 | |
| Potion of Mana | 1 | |
| Orb of Fire | 1 | |
| Scroll of Town Portal | 2 | |
| Boots of Speed | 1 | |
| Periapt of Vitality | 1 | |
| Scroll of Protection | 1 | |
10 total

»
IPLAYNIGHTELVES (
orange | 46 APM | 1085 actions | 23:25)
5 Death Knight
2 Death Coil
3 Unholy Aura
4 Lich
2 Frost Armor
2 Dark Ritual
2 Dark Ranger
1 Black Arrow
1 Silence
» actions
| Assign group hotkey | 18 | |
| Basic commands | 10 | |
| Build / train | 55 | |
| Enter build submenu | 20 | |
| Enter hero's abilities submenu | 11 | |
| Give item / drop item | 6 | |
| Remove unit from queue | 1 | |
| Right click | 630 | |
| Select / deselect | 199 | |
| Select group hotkey | 65 | |
| Use ability | 70 | |
1085 total
» units
| Acolyte | 8 | |
| Ghoul | 4 | |
| Crypt Fiend | 6 | |
| Blue Drake | 1 | |
| Frost Wyrm | 2 | |
21 total
» upgrades
| Creature Attack | 2 | |
| Creature Carapace | 3 | |
| Web | 1 | |
| Freezing Breath | 1 | |
7 total
» buildings
| Altar of Darkness | 1 | |
| Ziggurat | 7 | |
| Crypt | 2 | |
| Graveyard | 1 | |
| Tomb of Relics | 1 | |
| Nerubian Tower | 1 | |
| Halls of the Dead | 1 | |
| Sacrificial Pit | 1 | |
| Black Citadel | 1 | |
| Boneyard | 2 | |
18 total
» build order
00:13 Altar of Darkness
00:22 Ziggurat
00:45 Crypt
01:27 Graveyard
01:33 Crypt
02:01 Tomb of Relics
02:31 Ziggurat
02:40 Nerubian Tower
04:12 Ziggurat
04:46 Ziggurat
05:45 Halls of the Dead
09:10 Sacrificial Pit
09:14 Black Citadel
09:58 Ziggurat
12:04 Boneyard
12:07 Boneyard
12:13 Ziggurat
12:16 Ziggurat
» items
| Rod of Necromancy | 2 | |
| Scroll of Town Portal | 2 | |
| Orb of Corruption | 1 | |
| Scroll of Protection | 2 | |
| Potion of Lesser Invulnerability | 1 | |
| Dust of Appearance | 1 | |
9 total
team 2 (winner)
UnplugYourself (
red | 81 APM | 1902 actions | 23:33)
8 Blood Mage
3 Flame Strike
3 Siphon Mana
1 Summon Phoenix
1 Banish
» actions
| Assign group hotkey | 219 | |
| Basic commands | 15 | |
| Build / train | 119 | |
| Enter build submenu | 51 | |
| Enter hero's abilities submenu | 8 | |
| Give item / drop item | 4 | |
| Remove unit from queue | 6 | |
| Right click | 698 | |
| Select / deselect | 379 | |
| Select group hotkey | 244 | |
| Use ability | 159 | |
1902 total
» units
| Peasant | 23 | |
| Footman | 9 | |
| Goblin Shredder | 6 | |
| Sorceress | 5 | |
| Dragonhawk Rider | 6 | |
| Goblin Zeppelin | 1 | |
| Blue Dragon | 1 | |
51 total
» upgrades
| Lumber Harvesting | 1 | |
| Masonry | 3 | |
| Sorceress Training | 1 | |
| Magic Sentry | 0 | |
| Swords | 3 | |
| Armor | 3 | |
| Animal War Training | 1 | |
| Cloud | 1 | |
13 total
» buildings
| Altar of Kings | 1 | |
| Barracks | 1 | |
| Farm | 10 | |
| Arcane Vault | 1 | |
| Keep | 1 | |
| Town Hall | 3 | |
| Lumber Mill | 1 | |
| Scout Tower | 30 | |
| Arcane Sanctum | 1 | |
| Guard Tower | 12 | |
| Castle | 1 | |
| Gryphon Aviary | 4 | |
| Blacksmith | 2 | |
68 total
» build order
00:38 Altar of Kings
00:52 Barracks
00:57 Farm
01:07 Farm
01:08 Farm
01:11 Farm
01:59 Farm
02:06 Farm
03:02 Arcane Vault
03:31 Keep
04:18 Town Hall
05:15 Farm
05:31 Lumber Mill
05:44 Scout Tower
05:44 Scout Tower
05:45 Scout Tower
05:51 Scout Tower
05:52 Scout Tower
06:30 Arcane Sanctum
07:00 Guard Tower
07:03 Scout Tower
07:04 Scout Tower
07:06 Scout Tower
07:06 Scout Tower
07:10 Scout Tower
07:11 Scout Tower
07:40 Farm
07:42 Guard Tower
07:54 Scout Tower
07:55 Scout Tower
07:59 Guard Tower
08:07 Guard Tower
08:35 Guard Tower
08:35 Guard Tower
08:37 Guard Tower
09:38 Castle
09:40 Gryphon Aviary
09:41 Gryphon Aviary
09:41 Gryphon Aviary
10:20 Scout Tower
10:20 Scout Tower
10:21 Scout Tower
10:22 Scout Tower
11:15 Guard Tower
11:34 Guard Tower
11:36 Blacksmith
11:38 Blacksmith
13:02 Town Hall
13:19 Scout Tower
13:19 Scout Tower
13:20 Scout Tower
13:20 Scout Tower
13:22 Scout Tower
13:22 Scout Tower
13:22 Scout Tower
13:23 Scout Tower
13:44 Scout Tower
13:45 Scout Tower
13:47 Scout Tower
13:47 Scout Tower
13:48 Scout Tower
14:19 Guard Tower
14:33 Guard Tower
15:49 Guard Tower
16:46 Farm
16:47 Farm
16:54 Gryphon Aviary
19:37 Town Hall
» items
| Scroll of Regeneration | 3 | |
| Boots of Speed | 1 | |
| Staff of Teleportation | 1 | |
| Potion of Invisibility | 8 | |
| Potion of Healing | 1 | |
| Potion of Mana | 4 | |
| Scroll of Town Portal | 4 | |
| Periapt of Vitality | 1 | |
| Lesser Clarity Potion | 2 | |
25 total

»
RoldGoldMan (
purple | 70 APM | 1655 actions | 23:33)
6 Blademaster
3 Wind Walk
1 Critical Strike
1 Mirror Image
1 Bladestorm
» actions
| Assign group hotkey | 23 | |
| Basic commands | 31 | |
| Build / train | 72 | |
| Enter build submenu | 20 | |
| Enter hero's abilities submenu | 6 | |
| Give item / drop item | 5 | |
| Right click | 729 | |
| Select / deselect | 221 | |
| Select group hotkey | 447 | |
| Use ability | 99 | |
1655 total
» units
| Peon | 13 | |
| Grunt | 12 | |
| Raider | 9 | |
| Troll Witch Doctor | 6 | |
| Kodo Beast | 1 | |
| Tauren | 5 | |
46 total
» upgrades
| Armor | 3 | |
| Berserker Strength | 1 | |
| Ensnare | 1 | |
| Witch Doctor Training | 2 | |
| War Drums Damage Increase | 1 | |
| Melee Weapons | 2 | |
| Shaman Training | 1 | |
| Pulverize | 1 | |
12 total
» buildings
| Barracks | 1 | |
| Orc Burrow | 6 | |
| Altar of Storms | 1 | |
| Voodoo Lounge | 1 | |
| Stronghold | 1 | |
| War Mill | 1 | |
| Watch Tower | 3 | |
| Spirit Lodge | 2 | |
| Beastiary | 1 | |
| Fortress | 1 | |
| Great Hall | 1 | |
| Tauren Totem | 2 | |
21 total
» build order
00:10 Barracks
00:17 Orc Burrow
00:36 Altar of Storms
01:42 Orc Burrow
02:06 Voodoo Lounge
02:39 Orc Burrow
03:39 Orc Burrow
04:50 Orc Burrow
05:36 Stronghold
05:44 War Mill
07:00 Watch Tower
08:09 Watch Tower
08:47 Spirit Lodge
08:51 Spirit Lodge
08:58 Beastiary
09:17 Watch Tower
10:04 Fortress
11:21 Orc Burrow
12:16 Great Hall
17:07 Tauren Totem
17:12 Tauren Totem
» items
| Healing Salve | 2 | |
| Scroll of Speed | 2 | |
| Orb of Lightning | 1 | |
5 total
Josh8 (
yellow | 29 APM | 679 actions | 23:33)
6 Archmage
3 Summon Water Elemental
3 Brilliance Aura
» actions
| Basic commands | 34 | |
| Build / train | 60 | |
| Enter build submenu | 28 | |
| Enter hero's abilities submenu | 6 | |
| Give item / drop item | 2 | |
| Remove unit from queue | 2 | |
| Right click | 214 | |
| Select / deselect | 280 | |
| Use ability | 52 | |
679 total
» units
» upgrades
| Swords | 3 | |
| Plating | 3 | |
| Masonry | 3 | |
| Backpack | 1 | |
| Lumber Harvesting | 2 | |
| Animal War Training | 1 | |
13 total
» buildings
| Altar of Kings | 1 | |
| Farm | 19 | |
| Blacksmith | 1 | |
| Lumber Mill | 1 | |
| Arcane Vault | 1 | |
| Barracks | 3 | |
| Keep | 3 | |
| Castle | 2 | |
| Town Hall | 1 | |
32 total
» build order
00:22 Altar of Kings
00:45 Farm
00:54 Farm
01:22 Blacksmith
01:58 Farm
02:12 Lumber Mill
02:18 Arcane Vault
02:24 Barracks
02:30 Barracks
02:40 Farm
02:50 Farm
03:01 Farm
03:19 Farm
03:21 Farm
03:22 Farm
03:44 Farm
03:47 Farm
03:52 Farm
04:28 Farm
04:33 Farm
04:46 Keep
04:46 Keep
05:10 Farm
05:53 Farm
06:00 Farm
07:07 Castle
07:17 Farm
08:05 Farm
11:18 Town Hall
13:17 Keep
14:37 Barracks
18:32 Castle
» items
| Potion of Healing | 2 | |
| Boots of Speed | 1 | |
| Periapt of Vitality | 1 | |
| Circlet of Nobility | 1 | |
| Scroll of Town Portal | 5 | |
10 total

»
Kaboose (
green | 50 APM | 1181 actions | 23:33)
6 Demon Hunter
3 Evasion
2 Mana Burn
1 Metamorphosis
5 Priestess of the Moon
3 Trueshot Aura
2 Searing Arrows
» actions
| Assign group hotkey | 16 | |
| Basic commands | 105 | |
| Build / train | 89 | |
| Enter build submenu | 22 | |
| Enter hero's abilities submenu | 11 | |
| Give item / drop item | 6 | |
| Right click | 210 | |
| Select / deselect | 213 | |
| Select group hotkey | 479 | |
| Use ability | 30 | |
1181 total
» units
| Wisp | 24 | |
| Archer | 8 | |
| Goblin Zeppelin | 1 | |
| Hippogryph | 25 | |
| Chimaera | 3 | |
61 total
» upgrades
| Strength of the Moon | 1 | |
| Strength of the Wild | 3 | |
| Reinforced Hides | 3 | |
| Corrosive Breath | 1 | |
| Well Spring | 1 | |
| Abolish Magic | 1 | |
| Ultravision | 1 | |
11 total
» buildings
| Altar of Elders | 1 | |
| Moon Well | 8 | |
| Ancient of War | 1 | |
| Hunter's Hall | 1 | |
| Tree of Ages | 1 | |
| Ancient of Wonders | 1 | |
| Ancient of Wind | 1 | |
| Tree of Eternity | 1 | |
| Tree of Life | 1 | |
| Ancient Protector | 1 | |
| Chimaera Roost | 2 | |
| Ancient of Lore | 2 | |
21 total
» build order
00:06 Altar of Elders
00:10 Moon Well
00:34 Ancient of War
01:33 Moon Well
02:21 Hunter's Hall
04:10 Tree of Ages
04:27 Moon Well
05:20 Ancient of Wonders
05:32 Moon Well
07:15 Ancient of Wind
08:48 Tree of Eternity
09:12 Tree of Life
09:22 Ancient Protector
11:20 Moon Well
11:58 Chimaera Roost
13:24 Chimaera Roost
14:32 Moon Well
15:05 Moon Well
17:28 Ancient of Lore
17:37 Ancient of Lore
20:06 Moon Well
» items
| Boots of Speed | 1 | |
| Scroll of Town Portal | 1 | |
2 total
Chat log
(00:09 / Allies) UnplugYourself: Let's do this boys!
(00:17 / All) UnplugYourself: ASL all
(00:35 / All) IPLAYNIGHTELVES: 99/HU
(00:49 / All) UnplugYourself: What are you wearing this fine evening?
(01:08 / All) RoldGoldMan: does anyone else play video games naked?
(01:19 / All) Kaboose: thats the only way to play video games
(01:35 / All) UnplugYourself: no that's odd
(01:40 / All) UnplugYourself: but I sometimes wear a speedo
(01:45 / All) UnplugYourself: pink one
(04:01 / Allies) Josh8: foot to knight here
(04:20 / Allies) Kaboose: hip chim
(06:33 / All) UnplugYourself: lawl boots stack I guess
(06:45 / All) RoldGoldMan: lies
(06:55 / Allies) UnplugYourself: just sell them
(06:57 / All) IPLAYNIGHTELVES: boots of agility
(07:42 / Allies) RoldGoldMan: the fuck yellow
(07:42 / Allies) RoldGoldMan: lol
(07:47 / Allies) RoldGoldMan: yellow come
(07:49 / Allies) RoldGoldMan: you goof
(08:01 / Allies) RoldGoldMan: where the fuck your units
(09:03 / All) UnplugYourself: nice
(12:08 / Allies) UnplugYourself: I'll go dhawks
(13:38 / Allies) RoldGoldMan: intercept
(15:13 / Allies) Kaboose: expos
(16:09 / Allies) RoldGoldMan: b
(16:10 / Allies) RoldGoldMan: b
(16:30 / Allies) Kaboose: tp out
(16:47 / Allies) Kaboose: we need melee
(16:58 / Allies) Kaboose: or tanks
(17:14 / Allies) Kaboose: red dont make d hawks
(17:21 / Allies) Kaboose: webbed in a sec
(18:00 / Allies) RoldGoldMan: too much air
(18:09 / Allies) UnplugYourself: you better tp to my base if they attack
(18:16 / Allies) Josh8: k
(18:23 / Allies) Kaboose: get the frosties with hawks
(19:48 / All) UnplugYourself: you guys don't like me?
(20:20 / Allies) RoldGoldMan: air that
(20:21 / Allies) Kaboose: counter time
(20:22 / Allies) Kaboose: get tp
(21:44 / All) UnplugYourself: nice shade
(21:46 / All) UnplugYourself: NOT
(21:46 / All) UnplugYourself: lol
(21:50 / Allies) Kaboose: knock out fiends red and i got your aa cover